 Dungeon Crawl Stone Soup version 0.30.0-29-ga12c61a403 (webtiles) character file.

Game seed: 5780627239103313629

13 monsoonserge the Magician (level 2, 15/15 HPs)
             Began as a Deep Elf Hedge Wizard on June 18, 2023.
             Was a Follower of Zin.
             Quit the game on level 1 of the Dungeon.
             The game lasted 00:01:49 (354 turns).

monsoonserge the Magician (Deep Elf Hedge Wizard)    Turns: 354, Time: 00:01:49

Health: 15/15      AC:  2    Str:  7    XL:     2   Next: 24%
Magic:  10/10      EV: 12    Int: 18    God:    Zin [*.....]
Gold:   14         SH:  0    Dex: 14    Spells: 6/11 levels left

rFire   . . .        j - +0 short sword
rCold   . . .        (no shield)
rNeg    . . .        b - +0 robe
rPois   .            c - +0 hat
rElec   .            (no cloak)
rCorr   .            (no gloves)
SInv    .            (no boots)
Will    .....        (no amulet)
Stlth   ++           (no ring)
HPRegen 0.22/turn    (no ring)
MPRegen 0.12/turn

%: no passive effects
@: no status effects
A: no striking features
a: Renounce Religion, Recite, Donate Gold


You were on level 1 of the Dungeon.
You worshipped Zin.
Zin was aware of your devotion.
You visited 1 branch of the dungeon, and saw 1 of its levels.

You collected 15 gold pieces.
You donated 1 gold pieces to Zin.

Inventory:

Hand Weapons
 j - a +0 short sword (weapon)
Armour
 b - a +0 robe (worn)
 c - a +0 hat (worn)
Scrolls
 e - a scroll of vulnerability {unknown}
 g - a scroll of teleportation {unknown}
Potions
 a - a potion of heal wounds {unknown}
 d - a potion of magic
 h - a potion of resistance {unknown}
 i - a potion of curing {unknown}


   Skills:
 + Level 2.7 Dodging
 + Level 2.5 Stealth
 - Level 5.0 Spellcasting
 + Level 1.2 Conjurations
 + Level 1.1 Summonings
 + Level 1.1 Translocations


You had 6 spell levels left.
You knew the following spells:

 Your Spells              Type           Power      Damage    Failure   Level
a - Magic Dart            Conj           36%        1d4       8%          1
b - Blink                 Tloc           16%        N/A       13%         2
c - Call Imp              Summ           16%        N/A       13%         2

Your spell library contained the following spells:

 Spells                   Type           Power      Damage    Failure   Level
 Slow                     Hex            16%        N/A       13%         1
 Cigotuvi's Dreadful Rot  Necr/Pois/Air  8%         N/A       21%         2
 Mephitic Cloud           Conj/Pois/Air  6%         N/A       32%         3


Dungeon Overview and Level Annotations

Branches:
Dungeon (1/15)

Altars:
Zin


Message History

The endoplasm hits you. The kobold closely misses you.
Unknown command.
You hit the kobold.
You kill the kobold!
The endoplasm closely misses you.
You swap places.
The frilled lizard barely misses your cerulean imp.
Your cerulean imp hits the endoplasm with a -4 spear.
The endoplasm dies!
Your cerulean imp hits the frilled lizard with a -4 spear.
The frilled lizard dies!
Your magical contamination has completely faded away.
You see here a frilled lizard corpse.
You see here a +0 whip.
a - a black potion
There are no items here.
You now have 15 gold pieces (gained 8).
There are no items here.
You start resting.
Your cerulean imp disappears in a puff of smoke!
Magic restored.
Found a faded altar of an unknown god.
There is a faded altar of an unknown god here.
This altar belongs to (a) Vehumet, (b) Ru or (c) Zin, but you can't tell which.
Press the corresponding letter to learn more about a god, or press enter to convert or escape to cancel.
Okay, then.
There is an escape hatch in the floor here.
You open the door.
A ball python comes into view.
Found a scroll labelled UZEILU CUETO.
There is an open door here.
There is an escape hatch in the floor here.
You open the door.
There is an open door here.
There is a faded altar of an unknown god here.
This altar belongs to (a) Vehumet, (b) Ru or (c) Zin, but you can't tell which.
Press the corresponding letter to learn more about a god, or press enter to convert or escape to cancel.
Zin accepts your prayer! Zin welcomes you!
You pay a tithe of 1 gold.
You can now donate money to Zin.
You can now recite Zin's Axioms of Law.
Are you sure you want to abandon this character and quit the game? (Confirm with "yes".)

# #..).†..).........# #
#.....)...........# ########
#......†..........# .......#
#.......#......##.# ######.#
#.......#......# .# ......>###
#######.#......##.# .......'.##
#.#......#..#
.......#..######## #.#(.....#.#
............##.8@###.##+####..#
........†...###..8##.#.....#.##
######......##..#.##.#..##...#
#..)...##..####.#..##.####
#.†....##...###.#........#
#......####^.##.#..#####.#
#......###..###.#..# #
#......##..#####..##
#.....##8.8##....##


There were no monsters in sight!

Vanquished Creatures
  A giant cockroach (D:1)
  3 goblins (D:1)
  2 kobolds (D:1)
  A quokka (D:1)
  3 rats (D:1)
10 creatures vanquished.

Vanquished Creatures (collateral kills)
  An endoplasm (D:1)
  A frilled lizard (D:1)
2 creatures vanquished.

Grand Total: 12 creatures vanquished

Notes
Turn   | Place    | Note
-------+----------+-------------------------------------------
     0 | D:1      | monsoonserge the Deep Elf Hedge Wizard began the quest for
                  | the Orb.
     0 | D:1      | Reached XP level 1. HP: 10/10 MP: 7/7
    36 | D:1      | Reached skill level 5 in Spellcasting
   156 | D:1      | Reached XP level 2. HP: 6/15 MP: 6/10
   161 | D:1      | Learned a level 2 spell: Blink
   164 | D:1      | Learned a level 2 spell: Call Imp
   269 | D:1      | Found a faded altar of an unknown god.
   353 | D:1      | Prayed at the altar of an unknown god.
   353 | D:1      | Became a worshipper of Zin the Law-Giver
   353 | D:1      | Reached * piety under Zin
   354 | D:1      | Quit the game

Illustrated notes

Levels and vault maps discovered:
D:1:      lightli_arrival_lavapool, layout_basic,
          shapermc_ecumenical_altar_petra

Skill      XL: |  1 |
---------------+----+-----
Spellcasting   | 5 |  5.0
Dodging        | |  2.7
Stealth        | |  2.5
Conjurations   | |  1.2
Summonings     | |  1.1
Translocations | |  1.1

Action                     || total
---------------------------++-------
  Melee: Dagger            ||     3
         Short sword       ||     3
   Cast: Magic Dart        ||    18
         Call Imp          ||     1
 Armour: Robe              ||     2
  Dodge: Dodged            ||    13
